 Dungeon Crawl Stone Soup version 0.30-a0-263-ge22c4ad894 (webtiles) character file.

Game seed: 5452934600505022677

2809 chippings the Grasshopper (level 9, 0/78 (89) HPs)
             Began as an Ogre Reaver on Oct 13, 2022.
             Was an Initiate of Hepliaklqana.
             Slain by a wyvern (18 damage)
             ... on level 8 of the Dungeon.
             The game lasted 00:31:35 (10676 turns).

chippings the Grasshopper (Ogre Reaver)            Turns: 10676, Time: 00:31:35

HP:   0/78 (89)     AC:  4    Str: 24    XL:     9   Next: 72%
MP:   13/13         EV:  9    Int: 18    God:    Hepliaklqana [......]
Gold: 364           SH:  0    Dex:  7    Spells: 2/14 levels left

rFire   . . .      SeeInvis .    i - +1 giant spiked club
rCold   + . .      Faith    .    (shield currently unavailable)
rNeg    . . .      Spirit   .    n - +1 robe {Will+}
rPois   .          Reflect  .    (helmet restricted)
rElec   .          Harm     .    d - scarf {+Inv}
rCorr   .          Rampage  .    (gloves unavailable)
Will    +....                    (boots unavailable)
Stlth   +.........               (no amulet)
HPRegen 0.33/turn                f - +6 ring of strength
MPRegen 0.13/turn                l - ring of protection from cold

@: heavily drained
A: large, unfitting armour, tough skin 1
a: Renounce Religion, Evoke Invisibility


You were on level 8 of the Dungeon.
You worshipped Hepliaklqana.
Hepliaklqana was noncommittal.
You visited 2 branches of the dungeon, and saw 9 of its levels.

You collected 364 gold pieces.

Inventory:

Hand Weapons
 i - a +1 giant spiked club (weapon)
Missiles
 o - a throwing net
Armour
 b - a +0 kite shield
 d - a scarf of invisibility (worn)
 n - a +1 robe of willpower (worn)
Jewellery
 f - a +6 ring of strength (left hand)
 l - a ring of protection from cold (right hand)
 s - an amulet of guardian spirit
Wands
 r - a wand of iceblast (1)
 t - a wand of flame (18)
Scrolls
 c - 3 scrolls of poison
 e - 3 scrolls of magic mapping
 g - a scroll of noise
 k - 4 scrolls of teleportation
 m - 4 scrolls of immolation
 u - 2 scrolls of fog
 w - a scroll of summoning
 y - a scroll of fear
Potions
 a - a potion of berserk rage {unknown}
 h - a potion of flight
 j - a potion of brilliance


   Skills:
 - Level 6.0 Fighting
 - Level 4.0 Short Blades
 + Level 5.2 Maces & Flails
 - Level 2.0 Dodging
 - Level 0.2 Unarmed Combat
 - Level 3.0 Spellcasting
 - Level 5.0 Conjurations
 - Level 2.0 Necromancy
 + Level 7.5 Translocations
 - Level 2.0 Ice Magic


You had 2 spell levels left.
You knew the following spells:

 Your Spells              Type           Power      Damage    Failure   Level
a - Kiss of Death         Conj/Necr      60%        2d10      3%          1
b - Momentum Strike       Conj/Tloc      50%        3d9       1%          2
c - Hailstorm             Conj/Ice       15%        3d5       12%         3
d - Blink                 Tloc           60%        N/A       1%          2
e - Manifold Assault      Tloc           30%        N/A       7%          4

Your spell library contained the following spells:

 Spells                   Type           Power      Damage    Failure   Level
 Sandblast                Erth           4%         2d4       16%         1
 Passwall                 Tmut/Erth      1%         N/A       24%         2
 Scorch                   Fire           4%         2d5       24%         2
 Lesser Beckoning         Tloc           60%        N/A       2%          3
 Stone Arrow              Conj/Erth      22%        3d8       17%         3
 Inner Flame              Hex/Fire       2%         N/A       43%         3
 Flame Wave               Conj/Fire      11%        2d6       50%         4
 Iskenderun's Battlesphe  Conj           20%        2d7       50%         5
 Cause Fear               Hex            1%         N/A       85%         4
 Fireball                 Conj/Fire      5%         3d5       85%         5
 Freezing Cloud           Conj/Ice/Air   5%         6-21      87%         5
 Alistair's Intoxication  Tmut/Pois      1%         N/A       99%         5
 Conjure Ball Lightning   Conj/Air       5%         3x3d6     100%        6
 Summon Cactus Giant      Summ           1%         N/A       100%        6
 Orb of Destruction       Conj           10%        9d6       100%        7
 Storm Form               Tmut/Air       1%         N/A       100%        7
 Discord                  Hex            1%         N/A       100%        8


Dungeon Overview and Level Annotations

Branches:
Dungeon (8/15)             Temple (1/1) D:7
   Lair: D:8-11

Altars:
Ashenzari
Cheibriados
Dithmenos
Elyvilon
Fedhas
Gozag
Hepliaklqana
Kikubaaqudgha
Makhleb
Nemelex Xobeh
Okawaru
Qazlal
Ru
Sif Muna
Trog
Uskayaw
Vehumet
Wu Jian
Xom
Yredelemnul
Zin
The Shining One

Annotations:
D:2 exclusion: door


Innate Abilities, Weirdness & Mutations

You are too large for most types of armour.
You have tough skin. (AC +1)


Message History

Confirm with . or Enter, or press ? or * to list all spells.
Space momentarily warps into an impossible shape!
You closely miss the wyvern. You puncture the wyvern!
The wyvern is moderately wounded.
The wyvern bites you. The wyvern bites you! x2
You barely miss the wyvern.
The wyvern is moderately wounded.
The wyvern bites you. The wyvern bites you!
You impale the wyvern!!
You kill the wyvern!
A centaur comes into view.
A wyvern comes into view.
Found a stone staircase leading up.
The wyvern hisses angrily.
The wyvern moves out of view.
The wyvern bites you.
You hit the wyvern.
The wyvern is moderately wounded.
The wyvern bites you! The wyvern closely misses you.
You hit the wyvern.
The wyvern is moderately wounded.
The wyvern bites you. x2
The wyvern bites you but does no damage.
You closely miss the wyvern.
The wyvern is moderately wounded.
The wyvern bites you! The wyvern bites you!!
You barely miss the wyvern.
The wyvern is moderately wounded.
The wyvern bites you!
* * * LOW HITPOINT WARNING * * *
The wyvern bites you.
* * * LOW HITPOINT WARNING * * *
You closely miss the wyvern.
The wyvern is moderately wounded.
The wyvern closely misses you. The wyvern barely misses you.
You hit the wyvern.
The wyvern is heavily wounded.
The wyvern barely misses you. The wyvern bites you!!
You die...

..# ..###.####.#.#
......#.......# ..#
#.##.#...
..#####.##.#..##
............#..# ####
.)####.........# ....#
รท..............###<....#
................@l.....#
.......#.#(###.###.....#
..####.#.#.###.# ....#
....)..#.......### ####
..########.......# ..#
####..####.# .##
#......###.##### .#
#.##...#.<.....# .#
#.##...#.#.###.#


You could see a wyvern.

Vanquished Creatures
  Sigmund (D:3)
  2 wyverns (D:8)
  Menkaure (D:5)
  2 water moccasins (D:7)
  An orc warrior (D:7)
  3 sky beasts
  An ice beast (Temple)
  An ogre (D:7)
  A phantom (D:6)
  A centaur (D:5)
  A kobold brigand (Temple)
  2 bullfrogs
  3 scorpions
  3 jellies
  3 orc priests
  2 hounds
  A gnoll bouda (D:7)
  2 iguanas
  5 orc wizards
  16 gnolls
  9 adders
  10 river rats (D:5)
  2 shadow imps (D:7)
  2 white imps
  An ufetubus (D:6)
  2 dart slugs
  14 orcs
  9 ball pythons
  5 bats
  2 endoplasms
  4 giant cockroaches (D:1)
  5 hobgoblins
  3 jackals
  5 quokkas
  4 frilled lizards
  7 goblins
  19 kobolds
  17 rats
172 creatures vanquished.

Vanquished Creatures (others)
  A sky beast (D:7)
  An orc wizard (D:4)
  A kobold (D:2)
  7 fungi (D:2)
  9 toadstools (D:2)
19 creatures vanquished.

Grand Total: 191 creatures vanquished

Notes
Turn   | Place    | Note
-------+----------+-------------------------------------------
     0 | D:1      | chippings the Ogre Reaver began the quest for the Orb.
     0 | D:1      | Reached XP level 1. HP: 22/22 MP: 3/3
   255 | D:1      | Reached XP level 2. HP: 29/29 MP: 5/5
   357 | D:1      | Learned a level 2 spell: Momentum Strike
   999 | D:2      | Reached XP level 3. HP: 37/37 MP: 7/7
  1833 | D:3      | Reached XP level 4. HP: 36/36 MP: 8/8
  1844 | D:3      | Learned a level 3 spell: Hailstorm
  2515 | D:3      | Noticed Sigmund
  2530 | D:3      | Killed Sigmund
  2531 | D:3      | Reached skill level 1 in Necromancy
  2531 | D:3      | Reached skill level 1 in Translocations
  2531 | D:3      | Reached skill level 1 in Ice Magic
  2531 | D:3      | Reached XP level 5. HP: 10/54 MP: 6/9
  2531 | D:3      | Reached XP level 6. HP: 11/62 MP: 6/10
  3093 | D:4      | Learned a level 2 spell: Blink
  3289 | D:4      | HP: 2/63 [gnoll/+0 club (6)]
  3475 | D:4      | Noticed a sky beast
  3491 | D:4      | Killed a sky beast
  3492 | D:4      | Reached XP level 7. HP: 37/52 MP: 8/11
  3668 | D:4      | Reached skill level 2 in Translocations
  4032 | D:4      | Reached skill level 5 in Fighting
  4350 | D:5      | Entered Level 5 of the Dungeon
  4372 | D:5      | Got the Vellum of the Hurtful Figure
  4461 | D:5      | Noticed Menkaure
  4676 | D:5      | Learned a level 4 spell: Manifold Assault
  4685 | D:6      | Identified the +6 rapier of Greatest Utility {chaos, rPois
                  | rC++}
  4840 | D:6      | Reached skill level 1 in Short Blades
  5107 | D:6      | Reached XP level 8. HP: 71/83 MP: 12/12
  5475 | D:5      | Reached skill level 3 in Translocations
  5695 | D:5      | Killed Menkaure
  5906 | D:5      | Found a glowing silver altar of Zin.
  5906 | D:5      | Found a blossoming altar of Fedhas.
  6775 | D:6      | Reached skill level 5 in Conjurations
  7232 | D:7      | Reached skill level 4 in Translocations
  7486 | D:7      | Found a sacrificial altar of Ru.
  7560 | D:7      | Found a sacrificial altar of Ru.
  7691 | D:7      | Reached skill level 5 in Translocations
  7691 | D:7      | Reached XP level 9. HP: 40/88 MP: 2/13
  8234 | D:7      | Reached skill level 6 in Translocations
  8261 | D:7      | Found a staircase to the Ecumenical Temple.
  8273 | Temple   | Entered the Ecumenical Temple
  8538 | Temple   | Became a worshipper of Hepliaklqana the Forgotten
  8953 | D:7      | HP: 5/133 [poisoned by a gnoll]
  8956 | D:7      | HP: 2/133 [poisoned by a gnoll]
  9618 | D:7      | Reached skill level 7 in Translocations
  9944 | D:7      | Found a basalt altar of Yredelemnul.
 10416 | D:8      | Reached skill level 5 in Maces & Flails
 10676 | D:8      | Slain by a wyvern

Illustrated notes

Levels and vault maps discovered:
D:1:      saegor_arrival_fortress, layout_basic, fountainhead
D:2:      cheibrodos_fertilizer, layout_basic
D:3:      layout_basic, roderic_serpentine_path, minmay_misc_feat_iff,
          uniq_sigmund
D:4:      layout_gridville, minmay_diced_spiral
D:5:      lemuel_ratsnest, layout_cave_pools, amethyst_overflow_temple_binary,
          roderic_lattice_a, uniq_menkaure
D:6:      layout_basic
D:7:      layout_loops_ring, nicolae_ru_great_annihilating_truth,
          minmay_temple_entry_arrows, hangedman_feature_mirror
D:8:      layout_loops_cross, dk_noncrumbling_4, uniq_amaemon
Temple:   nicolae_temple_bog_church

Skill      XL: |  1  2  3  4  5  6  7  8  9 |
---------------+----------------------------+-----
Dodging        | 2 |  2.0
Fighting       | 3 4 5 6 |  6.0
Maces & Flails | 3 4 5 |  5.2
Conjurations   | 3 4 5 |  5.0
Spellcasting   | 3 |  3.0
Necromancy     | 1 2 |  2.0
Translocations | 1 2 5 7 |  7.5
Ice Magic      | 1 2 |  2.0
Short Blades   | 1 4 |  4.0
Unarmed Combat | |  0.2

Action                   |  1- 3 |  4- 6 |  7- 9 || total
-------------------------+-------+-------+-------++-------
Melee: Mace              |   143 |   109 |    23 ||   275
       Punch             |     2 |       |     4 ||     6
       Rapier            |       |       |   239 ||   239
       Flail             |       |       |     6 ||     6
       Giant spiked club |       |       |    74 ||    74
 Cast: Kiss of Death     |     2 |     6 |     5 ||    13
       Momentum Strike   |     2 |     2 |     4 ||     8
       Hailstorm         |       |     6 |    26 ||    32
       Blink             |       |       |     5 ||     5
       Manifold Assault  |       |       |    28 ||    28
Evoke: Wand              |       |       |     4 ||     4
  Use: Scroll            |       |     8 |    10 ||    18
       Potion            |       |     1 |     9 ||    10
 Stab: Petrified         |       |       |     2 ||     2
       Invisible         |       |       |     1 ||     1
Armor: Robe              |    44 |    31 |    85 ||   160
Dodge: Dodged            |    64 |    49 |   158 ||   271

Table legend: (Time is in decaauts)
 A = Elapsed time spent in this place.
 B = Non-inter-level travel time spent in this place.
 C = Inter-level travel time spent in this place.
 D = Time resting spent in this place.
 E = Time spent auto-exploring this place.
 F = Levels seen in this place.
 G = Mean time per level.
                   A        B        C        D        E       F      G
               +--------+--------+--------+--------+--------+-----+--------+
         Total |  10799 |  10652 |    147 |   1009 |   6955 |   9 | 1199.9 |
       Dungeon |  10323 |  10176 |    147 |    864 |   6794 |   8 | 1290.4 |
        Temple |    476 |    476 |      0 |    145 |    161 |   1 |  476.0 |
               +--------+--------+--------+--------+--------+-----+--------+

Top non-repeatable levels by time:
     D:7: 2286 daAuts
     D:4: 1761 daAuts
     D:5: 1571 daAuts
     D:6: 1334 daAuts
     D:3: 1197 daAuts
     D:2: 925 daAuts
     D:1: 710 daAuts
     D:8: 536 daAuts
  Temple: 476 daAuts
